 Dungeon Crawl Stone Soup version 0.29-a0-717-g6dac4ea423 (webtiles) character file.

Game seed: 2760439402390032124

499 gruber the Geomancer (level 7, -2/36 HPs)
             Began as a Gargoyle Earth Elementalist on June 26, 2022.
             Slain by Ijyb
             ... wielding a +0 club
              (6 damage)
             ... on level 4 of the Dungeon.
             The game lasted 00:05:58 (4397 turns).

gruber the Geomancer (Gargoyle Earth Elementalist)  Turns: 4397, Time: 00:05:58

Health: -2/36      AC:  7    Str: 11    XL:     7   Next: 16%
Magic:  2/10       EV: 11    Int: 18    God:
Gold:   269        SH:  0    Dex: 10    Spells: 6/10 levels left

rFire   . . .      SeeInvis +   i - +1 whip (holy)
rCold   . . .      Faith    .   (no shield)
rNeg    + . .      Spirit   .   a - +0 robe
rPois   ∞          Reflect  .   (no helmet)
rElec   +          Harm     .   q - +0 cloak
rCorr   .          Rampage  .   (no gloves)
Will    .....                   (no boots)
Stlth   ++........              m - amulet of the acrobat
HPRegen 0.12/turn               g - ring of see invisible
MPRegen 0.12/turn               (no ring)

@: no status effects
A: sickness immunity, AC +4, negative energy resistance 1, electricity
resistance, torment resistance 1, petrification resistance
a: no special abilities


You were on level 4 of the Dungeon.
You visited 1 branch of the dungeon, and saw 4 of its levels.
You also visited: Sewer.

You collected 269 gold pieces.

Inventory:

Hand Weapons
 i - a +1 whip of holy wrath (weapon)
Armour
 a - a +0 robe (worn)
 q - a +0 cloak (worn)
Jewellery
 g - a ring of see invisible (left hand)
 m - an amulet of the acrobat (around neck)
 p - an amulet of faith
Scrolls
 c - a scroll of immolation {unknown}
 d - 2 scrolls of teleportation {unknown}
 e - 6 scrolls of identify {unknown}
 f - a scroll of vulnerability {unknown}
 l - a scroll of noise {unknown}
 n - 2 scrolls of amnesia {unknown}
 t - a scroll of brand weapon {unknown}
Potions
 b - 3 potions of magic
 h - 3 potions of mutation {unknown}
 j - 2 potions of curing {unknown}
 k - 2 potions of haste {unknown}
 o - 3 potions of heal wounds {unknown}
 r - 2 potions of might {unknown}
 s - a potion of invisibility {unknown}
 u - a potion of brilliance {unknown}
 v - a potion of attraction {unknown}


   Skills:
 - Level 1.5 Dodging
 - Level 2.1 Stealth
 - Level 2.0 Spellcasting
 - Level 0.7 Transmutations
 * Level 9.5 Earth Magic


You had 6 spell levels left.
You knew the following spells:

 Your Spells              Type           Power      Damage    Failure   Level
a - Sandblast             Erth           72%        2d16      1%          1
b - Stone Arrow           Conj/Erth      38%        3d9       8%          3

Your spell library contained the following spells:

 Spells                   Type           Power      Damage    Failure   Level
 Passwall                 Tmut/Erth      16%        N/A       3%          2
 Petrify                  Tmut/Erth      20%        N/A       22%         4
 Anguish                  Hex/Necr       0%         N/A       87%         4
 Enfeeble                 Hex            0%         N/A       100%        7
 Malign Gateway           Summ/Tloc      0%         N/A       100%        7
 Summon Horrible Things   Summ           0%         N/A       100%        8


Dungeon Overview and Level Annotations

Branches:
Dungeon (4/15)              Sewer (visited)
 Temple: D:4-7

Altars:
Okawaru

Shops:
D:4 =

Annotations:
D:4 3 runed translucent doors, Ijyb; negitausen's ghost, amateur MiBe


Innate Abilities, Weirdness & Mutations

You are immune to sickness and miasma.
Your stone body is resilient. (AC +4)
You are immune to poison.
You resist negative energy. (rN+)
You are resistant to electric shocks. (rElec)
You are resistant to unholy torment.
You are immune to petrification.


Message History

Ijyb closely misses you. The goblin hits you with a +0 club.
Ijyb hits you but does no damage. The goblin hits you with a +0 club.
You are too injured to fight recklessly!
You are too injured to fight recklessly!
Casting: Sandblast (safe; 1% risk of failure)
Confirm with . or Enter, or press ? or * to list all spells.
Aiming: Sandblast (safe; 1% risk of failure)
Press: ? - help, Shift-Dir - straight line, f/p - Ijyb
Aim: Ijyb, wielding a +0 club, wearing a +0 chain mail and carrying a wand of iceblast (11) (lightly wounded, 82% to hit)
The blast of sand hits Ijyb but does no damage.
Ijyb is lightly wounded.
The goblin hits you with a +0 club. Ijyb hits you with a +0 club.
* * * LOW HITPOINT WARNING * * *
The goblin completely misses you. Ijyb hits you with a +0 club.
* * * LOW HITPOINT WARNING * * *
Unknown command.
Casting: Sandblast (safe; 1% risk of failure)
Confirm with . or Enter, or press ? or * to list all spells.
Aiming: Sandblast (safe; 1% risk of failure)
Press: ? - help, Shift-Dir - straight line, f/p - Ijyb
Aim: Ijyb, wielding a +0 club, wearing a +0 chain mail and carrying a wand of iceblast (11) (lightly wounded, 82% to hit)
The blast of sand hits Ijyb!
Ijyb is severely wounded.
The goblin hits you with a +0 club.
* * * LOW HITPOINT WARNING * * *
Ijyb hits you with a +0 club.
* * * LOW HITPOINT WARNING * * *
Ijyb misses you. The goblin hits you but does no damage.
Unknown command.
Unknown command.
Casting: Sandblast (safe; 1% risk of failure)
Confirm with . or Enter, or press ? or * to list all spells.
Aiming: Sandblast (safe; 1% risk of failure)
Press: ? - help, Shift-Dir - straight line, f/p - Ijyb
Aim: Ijyb, wielding a +0 club, wearing a +0 chain mail and carrying a wand of iceblast (11) (severely wounded, 82% to hit)
The blast of sand hits Ijyb.
Ijyb is almost dead.
Ijyb closely misses you. The goblin hits you but does no damage.
Ijyb hits you with a +0 club.
You die...

..≈≈≈.)'...'..#
..≈≈≈..#...#..#...#
.≈≈#########..#...#
.≈≈#..........#...#
...'..........#...#
...'....))...)#...#
...'..........#.).#
#≈≈#..........#gg.#
#≈≈#########..##@'#
##≈≈≈..#...#......#
#≈≈≈..)...'......#
##≈≈..#...#......#
#### ############


You could see Ijyb and a goblin.

Vanquished Creatures
  Sigmund (D:2)
  3 jellies (Sewer)
  An orc priest (D:4)
  Robin (D:2)
  4 gnolls
  A river rat (Sewer)
  3 adders
  4 worms
  2 dart slugs (D:2)
  3 orcs
  12 ball pythons
  2 bats
  16 endoplasms
  5 giant cockroaches
  22 goblins
  3 hobgoblins
  3 jackals (D:4)
  6 kobolds
  3 quokkas (D:3)
  8 frilled lizards
  9 rats
112 creatures vanquished.

Notes
Turn   | Place    | Note
-------+----------+-------------------------------------------
     0 | D:1      | gruber the Gargoyle Earth Elementalist began the quest for
                  | the Orb.
     0 | D:1      | Reached XP level 1. HP: 10/10 MP: 3/3
   340 | D:1      | Reached skill level 4 in Earth Magic
   441 | D:1      | Reached XP level 2. HP: 15/15 MP: 3/5
  1011 | D:2      | Reached skill level 5 in Earth Magic
  1011 | D:2      | Reached XP level 3. HP: 16/19 MP: 2/6
  1288 | D:2      | Noticed Robin
  1634 | D:1      | Reached XP level 4. HP: 7/24 MP: 3/7
  1849 | D:2      | Reached skill level 6 in Earth Magic
  1942 | D:2      | Killed Robin
  2014 | D:2      | Noticed Sigmund
  2139 | D:3      | Found an iron altar of Okawaru.
  2200 | D:3      | Learned a level 3 spell: Stone Arrow
  2339 | D:2      | Killed Sigmund
  2340 | D:2      | Reached skill level 8 in Earth Magic
  2340 | D:2      | Reached XP level 5. HP: 19/28 MP: 4/8
  2340 | D:2      | Reached XP level 6. HP: 21/32 MP: 4/9
  2486 | D:2      | Found a faded altar of an unknown god.
  2504 | D:2      | Found a faded altar of an unknown god.
  3217 | D:4      | Found Emutir's Jewellery Shop.
  3226 | D:4      | Found a glowing drain.
  3246 | Sewer    | Entered a sewer
  3569 | Sewer    | Found a viscous altar of Jiyva.
  3657 | Sewer    | Reached skill level 9 in Earth Magic
  3706 | Sewer    | Reached XP level 7. HP: 36/36 MP: 6/10
  3837 | D:4      | Found a runed translucent gate.
  3837 | D:4      | Found a runed translucent gate.
  3840 | D:4      | Found a runed translucent gate.
  3865 | D:4      | Noticed negitausen's ghost (amateur MiBe)
  4386 | D:4      | Noticed Ijyb
  4397 | D:4      | Slain by Ijyb

Illustrated notes

Levels and vault maps discovered:
D:1:      matt_arrival_spirals, layout_rooms
D:2:      layout_loops_ring, hellmonk_ecumenical_altar_the_god_not_taken,
          corner_web_ring, kennysheep_generic_room_8, uniq_sigmund, uniq_robin
D:3:      layout_basic, kennysheep_okawaru_gauntlet
D:4:      kennysheep_goblin_castle, layout_gridville,
          minmay_temple_entry_enclosed_plants, ebering_ghost_rock_garden,
          cheibrodos_sewer_entry_bend, serial_shops, shop, kennysheep_mini_moat,
          nicolae_square_shop, nicolae_diamond_shop, nicolae_diamond_shop

Skill      XL: |  1  2  3  4  5  6 |
---------------+-------------------+-----
Earth Magic    | 4 5 8 9 |  9.5
Dodging        | |  1.5
Stealth        | |  2.1
Spellcasting   | |  2.0
Transmutations | |  0.7

Action                   |  1- 3 |  4- 6 |  7- 9 || total
-------------------------+-------+-------+-------++-------
Melee: Unarmed           |     6 |       |       ||     6
       Whip              |     6 |     1 |     1 ||     8
       Punch             |       |     1 |       ||     1
 Cast: Sandblast         |    37 |    85 |    28 ||   150
Armor: Robe              |    12 |     5 |     7 ||    24
Dodge: Dodged            |    19 |    17 |    12 ||    48

Table legend: (Time is in decaauts)
 A = Elapsed time spent in this place.
 B = Non-inter-level travel time spent in this place.
 C = Inter-level travel time spent in this place.
 D = Time resting spent in this place.
 E = Time spent auto-exploring this place.
 F = Levels seen in this place.
 G = Mean time per level.
                   A        B        C        D        E       F      G
               +--------+--------+--------+--------+--------+-----+--------+
         Total |   4583 |   4506 |     77 |    260 |   3556 |   5 |  916.6 |
       Dungeon |   4004 |   3927 |     77 |    260 |   3131 |   4 | 1001.0 |
         Sewer |    578 |    578 |      0 |      0 |    424 |   1 |  578.0 |
               +--------+--------+--------+--------+--------+-----+--------+

Top non-repeatable levels by time:
     D:1: 1477 daAuts
     D:2: 1235 daAuts
     D:3: 808 daAuts
   Sewer: 578 daAuts
     D:4: 483 daAuts
